 Dungeon Crawl Stone Soup version 0.21.1-1-g345015f (webtiles) character file.

19462 SinkTroll22 the Cleaver (level 13, -6/104 HPs)
             Began as a Formicid Fighter on June 23, 2018.
             Was a High Priest of Okawaru.
             Mangled by a merfolk
             ... wielding a +0 halberd
              (17 damage)
             ... on level 1 of the Shoals on June 24, 2018.
             The game lasted 01:01:32 (10525 turns).

SinkTroll22 the Cleaver (Formicid Fighter)         Turns: 10525, Time: 01:01:33

Health: -6/104     AC: 24    Str: 29    XL:     13   Next: 4%
Magic:  13/13      EV:  8    Int: 10    God:    Okawaru [*****.]
Gold:   682        SH: 12    Dex: 10    Spells: 12/12 levels left

rFire    . . .     SeeInvis +   a - +3 war axe
rCold    . . .     Gourm    .   c - +0 shield
rNeg     . . .     Faith    .   w - +2 plate armour
rPois    .         Spirit   .   (helmet unavailable)
rElec    .         Reflect  .   E - +2 cloak
rCorr    +         Harm     .   k - +0 pair of gloves
MR       +....                  T - +2 pair of boots {Stlth+}
Stlth    ..........             I - amulet of regeneration
HPRegen  0.67/turn              j - +2 ring of slaying
MPRegen  0.13/turn              A - ring of resist corrosion

@: mighty, very slightly contaminated, invisible
A: permanent stasis, dig shafts and tunnels, four strong arms, antennae 3
a: Dig, Shaft Self, Heroism, Finesse, Renounce Religion


You were on level 1 of the Shoals.
You worshipped Okawaru.
Okawaru was extremely pleased with you.
You were not hungry.

You visited 4 branches of the dungeon, and saw 15 of its levels.
You also visited: Sewer.

You collected 822 gold pieces.
You spent 140 gold pieces at shops.

Inventory:

Hand Weapons
 a - a +3 war axe (weapon)
 o - a +0 mace
 q - a +2 flail of draining
 D - a +3 quarterstaff of chaos
 F - a +2 flail of protection
 N - a +3 antimagic hand axe
 O - the +1 whip of Dithmenos {venom, rF+ Str+2 Dex+2}
   (You found it on level 10 of the Dungeon)

   It poisons the flesh of those it strikes.
   It affects your strength (+2).
   It affects your dexterity (+2).
   It protects you from fire.
Missiles
 P - 2 steel javelins (quivered)
Armour
 c - a +0 shield (worn)
 k - a +0 pair of gloves (worn)
 w - a +2 plate armour (worn)
 y - a +0 troll leather armour {Purgy}
 E - a +2 cloak (worn)
 T - a +2 pair of boots of stealth (worn)
Jewellery
 j - a +2 ring of slaying (left hand)
 A - a ring of resist corrosion (right hand)
 I - an amulet of regeneration (around neck)
 M - an uncursed amulet of harm
 Q - an uncursed ring of ice
Wands
 b - a wand of acid (25)
 h - a wand of clouds (9)
 s - a wand of flame (10)
 t - a wand of polymorph (29)
 H - a wand of iceblast (7)
Scrolls
 e - 3 scrolls of fear
 v - 3 scrolls of amnesia
 z - 2 scrolls of blinking {unknown}
 B - 4 scrolls of magic mapping
 J - 3 scrolls of fog {unknown}
 K - 2 scrolls of noise {unknown}
 L - 4 scrolls of remove curse
 R - a scroll of random uselessness {unknown}
Potions
 d - 2 potions of might
 g - 2 potions of magic
 i - 3 potions of agility
 l - a potion of lignification
 m - 4 potions of mutation
 n - a potion of ambrosia {unknown}
 p - 2 potions of brilliance {unknown}
 r - a potion of invisibility
 u - 2 potions of heal wounds {unknown}
 C - 5 potions of curing
 G - a potion of cancellation {unknown}
Books
 x - a book of Changes

   Spells                             Type                      Level
   a - Beastly Appendage              Transmutation                1
   b - Sticks to Snakes               Transmutation                2
   c - Spider Form                    Transmutation/Poison         3
   d - Ice Form                       Ice/Transmutation            4
   e - Blade Hands                    Transmutation                5
Miscellaneous
 S - a lamp of fire
Comestibles
 f - 14 rations


   Skills:
 * Level 10.7 Fighting
 * Level 13.7 Axes
 + Level 0.7(9.3) Maces & Flails
 + Level 2.8(2.9) Staves
 + Level 3.6 Throwing
 * Level 9.5 Armour
 + Level 1.4 Dodging
 + Level 0.7 Stealth
 - Level 9.0 Shields
 + Level 0.3 Invocations
 + Level 0.1 Evocations


You had 12 spell levels left.
You didn't know any spells.

Dungeon Overview and Level Annotations

Branches:
Dungeon (10/15)            Temple (1/1) D:6            Lair (3/6) D:9
 Shoals (1/4) Lair:3
  Snake: Lair:2-4    Spider: Lair:2-4       Orc: D:9-12

Altars:
Ashenzari
Cheibriados
Dithmenos
Elyvilon
Gozag
Hepliaklqana
Kikubaaqudgha
Makhleb
Okawaru
Qazlal
Ru
Sif Muna
Trog
Uskayaw
Vehumet
Wu Jian
Xom
Yredelemnul
Zin
The Shining One

Shops:
D:4 *   D:6 =   D:7 =

Annotations:
Lair:3 exclusion: oklob plant


Innate Abilities, Weirdness & Mutations

You cannot be hasted, slowed, berserked, paralysed or teleported.
You can dig through walls and to a lower floor.
Your four strong arms can wield two-handed weapons with a shield.
You have a pair of large antennae on your head. (SInv)


Message History

You slash the merfolk! You block the merfolk's attack.
The merfolk impaler hits you but does no damage.
You slash the merfolk impaler!
You kill the merfolk impaler!
Okawaru accepts your kill.
You have reached level 13!
You hit the merfolk. You block the merfolk's attack.
You catch the helpless merfolk completely off-guard!
You hit the merfolk.
The merfolk is moderately wounded.
The hippogriff screeches!
You slash the merfolk!
The merfolk is heavily wounded.
The hippogriff screeches!
The merfolk hits you but does no damage.
You slash the merfolk!
The merfolk is severely wounded.
The hippogriff screeches!
The merfolk hits you with a halberd!
You die...

.≈≈≈≈≈≈≈≈≈≈≈≈
.≈≈≈≈≈≈≈≈≈≈≈ ≈
##...≈≈≈≈≈≈≈≈
≈.#)..≈≈≈≈≈≈≈≈≈
≈...≈≈≈≈≈≈≈≈≈≈≈
≈≈..≈≈≈≈≈≈≈≈≈≈≈
≈≈..≈≈)≈≈≈≈≈≈≈≈
≈≈≈≈≈≈≈)m≈≈≈≈≈≈
≈≈≈.≈≈.@.≈≈.≈≈≈
.≈≈≈≈≈.#....≈≈.
..≈≈≈≈. ......≈
≈.≈≈≈≈≈ ..#..≈≈
≈≈≈≈≈≈. .###H≈.
≈≈≈≈≈≈. .# ≈≈≈
≈≈≈≈≈≈. .. ≈≈
≈≈≈≈≈.. .$


You could see a merfolk and a hippogriff (wandering).

Vanquished Creatures
  A merfolk impaler (Shoals:1)
  2 hydras
  3 two-headed ogres
  Urug (D:10)
  A manticore (D:9)
  2 merfolk sirens (Lair:3)
  Joseph (D:7)
  A black mamba (Lair:2)
  3 spiny frogs
  2 komodo dragons
  A polar bear (Lair:1)
  3 merfolk
  Grinder (D:5)
  A troll (D:9)
  5 blink frogs (Lair:1)
  3 hippogriffs
  The ghost of mjfarrell99 the Covert, an amateur SpAs (D:4)
  7 yaks
  A wyvern (D:8)
  Menkaure (D:6)
  Edmund (D:6)
  2 water moccasins
  3 phantoms
  2 black bears
  4 orc warriors
  A hornet zombie (D:9)
  Purgy (Sewer)
  2 necrophages (D:10)
  5 ogres
  A centaur (D:10)
  15 wolves
  9 crocodiles
  2 big kobolds
  Blork the orc (D:4)
  11 bullfrogs
  A wyvern skeleton (D:10)
  5 scorpions
  2 electric eels (D:9)
  3 howler monkeys (D:7)
  A crimson imp (D:9)
  3 centaur zombies
  9 orc priests
  5 jellies
  Crazy Yiuf (D:6)
  8 hounds
  23 orc wizards
  3 iguanas
  2 bullfrog skeletons
  8 worker ants
  Terence (D:3)
  A killer bee zombie (D:9)
  A hound skeleton (D:8)
  9 gnolls (D:3)
  5 adders
  3 shadow imps
  6 oozes
  An adder skeleton (D:10)
  5 worms
  4 dart slugs
  5 leopard geckos
  32 orcs
  7 giant cockroaches
  7 goblins
  8 hobgoblins
  4 jackals
  2 quokkas
  3 ball pythons
  5 bats
  11 frilled lizards
  12 kobolds
  7 rats
314 creatures vanquished.

Notes
Turn   | Place    | Note
-------+----------+-------------------------------------------
     0 | D:1      | SinkTroll22 the Formicid Fighter began the quest for the Orb.
     0 | D:1      | Reached XP level 1. HP: 18/18 MP: 1/1
   167 | D:1      | Reached XP level 2. HP: 23/24 MP: 2/2
   385 | D:1      | Reached XP level 3. HP: 25/29 MP: 3/3
   780 | D:2      | Found a white marble altar of Elyvilon.
   793 | D:2      | Found a radiant altar of Vehumet.
   872 | D:2      | Found a stormy altar of Qazlal.
   874 | D:2      | Found a glowing golden altar of the Shining One.
   874 | D:2      | Found a shimmering altar of Xom.
   876 | D:2      | Found an iron altar of Okawaru.
   876 | D:2      | Found a basalt altar of Yredelemnul.
   876 | D:2      | Found a bloodstained altar of Trog.
   966 | D:2      | Reached XP level 4. HP: 31/35 MP: 4/4
   996 | D:2      | Found a faded altar of an unknown god.
  1394 | D:3      | Reached skill level 3 in Axes
  1394 | D:3      | Reached XP level 5. HP: 24/42 MP: 5/5
  1525 | D:3      | Noticed Terence
  1532 | D:3      | Killed Terence
  1636 | D:3      | Reached XP level 6. HP: 5/48 MP: 6/6
  1939 | D:3      | Reached skill level 5 in Shields
  2052 | D:4      | Reached skill level 4 in Axes
  2135 | D:4      | Noticed an ogre
  2136 | D:4      | Noticed mjfarrell99's ghost (amateur SpAs)
  2151 | D:4      | Killed an ogre
  2151 | D:4      | Reached XP level 7. HP: 52/54 MP: 7/7
  2174 | D:4      | Killed mjfarrell99's ghost
  2174 | D:4      | Reached skill level 5 in Armour
  2203 | D:4      | Noticed Blork the orc
  2211 | D:4      | Killed Blork the orc
  2324 | D:4      | Reached skill level 5 in Axes
  2324 | D:4      | Reached skill level 1 in Dodging
  2399 | D:4      | Found Caquf's General Store.
  2405 | D:4      | Bought a scroll of remove curse for 42 gold pieces
  2405 | D:4      | Bought a ration for 70 gold pieces
  2405 | D:4      | Bought a scroll of identify for 28 gold pieces
  2964 | D:5      | Entered Level 5 of the Dungeon
  2977 | D:5      | Reached XP level 8. HP: 61/61 MP: 8/8
  3019 | D:5      | Noticed Grinder
  3040 | D:5      | Killed Grinder
  3040 | D:5      | Reached skill level 5 in Fighting
  3040 | D:5      | Reached skill level 6 in Axes
  3043 | D:5      | Found a glowing drain.
  3198 | Sewer    | Entered a sewer
  3244 | Sewer    | Noticed Purgy
  3249 | Sewer    | Killed Purgy
  3526 | D:5      | Found a basalt altar of Yredelemnul.
  3761 | D:5      | Found a burning altar of Makhleb.
  3796 | D:6      | Found a runed door.
  3804 | D:6      | Noticed Crazy Yiuf
  3812 | D:6      | Killed Crazy Yiuf
  3879 | D:6      | Found a staircase to the Ecumenical Temple.
  3886 | Temple   | Entered the Ecumenical Temple
  3988 | Temple   | Became a worshipper of Warmaster Okawaru
  4053 | D:6      | Noticed Menkaure
  4058 | D:6      | Killed Menkaure
  4058 | D:6      | Reached skill level 7 in Axes
  4058 | D:6      | Reached XP level 9. HP: 36/68 MP: 9/9
  4119 | D:6      | Reached * piety under Okawaru
  4124 | D:6      | Reached skill level 1 in Staves
  4170 | D:6      | Noticed Edmund
  4176 | D:6      | Killed Edmund
  4176 | D:6      | Reached skill level 1 in Throwing
  4278 | D:6      | Found Qetiarux's Jewellery Boutique.
  4398 | D:6      | Reached ** piety under Okawaru
  4480 | D:6      | Found a basalt altar of Yredelemnul.
  4490 | D:6      | Found a glowing golden altar of the Shining One.
  4491 | D:6      | Found a glowing silver altar of Zin.
  4491 | D:6      | Found a shadowy altar of Dithmenos.
  4492 | D:6      | Found a bloodstained altar of Trog.
  4492 | D:6      | Found an ornate altar of the Wu Jian Council.
  4493 | D:6      | Found a deep blue altar of Sif Muna.
  4807 | D:7      | Found Qurhyu Ugee's Jewellery Emporium.
  4878 | D:7      | Reached skill level 8 in Axes
  5125 | D:7      | Reached XP level 10. HP: 63/77 MP: 10/10
  5207 | D:7      | Noticed Joseph
  5224 | D:7      | Killed Joseph
  5224 | D:7      | Reached *** piety under Okawaru
  5395 | D:7      | Reached skill level 9 in Axes
  5463 | D:7      | Found a deep blue altar of Sif Muna.
  5628 | D:8      | Noticed a two-headed ogre
  5642 | D:8      | Killed a two-headed ogre
  5642 | D:8      | Reached **** piety under Okawaru
  6009 | D:8      | Reached skill level 10 in Axes
  6063 | D:8      | Found a hazy altar of Hepliaklqana.
  6190 | D:8      | Noticed a two-headed ogre
  6204 | D:8      | Killed a two-headed ogre
  6204 | D:8      | Reached ***** piety under Okawaru
  6204 | D:8      | Reached XP level 11. HP: 43/86 MP: 8/11
  6391 | D:9      | Noticed a manticore
  6398 | D:9      | Killed a manticore
  6452 | D:9      | Found a staircase to the Lair.
  6462 | D:9      | Reached skill level 11 in Axes
  6487 | D:9      | Received a gift from Okawaru
  6630 | D:9      | Noticed a two-headed ogre
  6642 | D:9      | Killed a two-headed ogre
  6844 | D:9      | Received a gift from Okawaru
  7127 | D:10     | Entered Level 10 of the Dungeon
  7227 | D:10     | Got a crystal whip
  7228 | D:10     | Identified the +1 whip of Dithmenos {venom, rF+ Str+2 Dex+2} (You found it on level 10 of the Dungeon)
  7298 | D:10     | Noticed Urug
  7319 | D:10     | Killed Urug
  7347 | D:10     | Reached skill level 12 in Axes
  7984 | Lair:1   | Entered Level 1 of the Lair of Beasts
  8097 | Lair:1   | Reached XP level 12. HP: 91/95 MP: 12/12
  8105 | Lair:1   | Noticed a six-headed hydra
  8122 | Lair:1   | Killed a six-headed hydra
  8122 | Lair:1   | Received a gift from Okawaru
  9256 | Lair:2   | Reached skill level 10 in Fighting
  9294 | Lair:2   | Reached skill level 13 in Axes
  9756 | Lair:3   | Found a staircase to the Shoals.
 10088 | Lair:3   | Noticed a six-headed hydra
 10102 | Lair:3   | Killed a six-headed hydra
 10498 | Shoals:1 | Entered Level 1 of the Shoals
 10498 | Shoals:1 | Noticed a merfolk impaler
 10522 | Shoals:1 | Killed a merfolk impaler
 10522 | Shoals:1 | Reached XP level 13. HP: 9/104 MP: 13/13
 10525 | Shoals:1 | Mangled by a merfolk

Skill      XL: |  1  2  3  4  5  6  7  8  9 10 11 12 |
---------------+-------------------------------------+-----
Shields        | 4 5 6 8 9 |  9.0
Armour         | 4 5 6 7 8 9 |  9.5
Axes           | 3 4 5 7 8 10 12 13 | 13.7
Fighting       | 4 5 6 7 9 10 | 10.7
Dodging        | 1 |  1.4
Staves         | 2 |  2.8
Throwing       | 1 2 3 |  3.6
Maces & Flails | |  0.7
Stealth        | |  0.7
Invocations    | |  0.3
Evocations     | |  0.1

Action                   |  1- 3 |  4- 6 |  7- 9 | 10-12 | 13-15 || total
-------------------------+-------+-------+-------+-------+-------++-------
Melee: War axe           |   115 |   173 |   236 |   499 |     3 ||  1026
       Quarterstaff      |       |       |    48 |    18 |       ||    66
       Mace              |       |       |     7 |       |       ||     7
       Hand axe          |       |       |       |    75 |       ||    75
Throw: Tomahawk          |       |     3 |    32 |    24 |       ||    59
       Javelin           |       |       |       |    47 |       ||    47
Invok: Heroism           |       |       |       |     2 |       ||     2
       Finesse           |       |       |       |     1 |       ||     1
Evoke: Wand              |       |       |       |     6 |       ||     6
  Use: Scroll            |     1 |     2 |    12 |     9 |       ||    24
       Potion            |       |     1 |     2 |     3 |       ||     6
 Stab: Invisible         |       |       |       |     1 |     1 ||     2
  Eat: Ration            |       |     1 |     4 |     5 |       ||    10
Armor: Scale mail        |    49 |    44 |       |       |       ||    93
       Chain mail        |       |    51 |    32 |       |       ||    83
       Plate armour      |       |       |   112 |   251 |     1 ||   364
Dodge: Dodged            |    27 |    59 |    68 |   141 |       ||   295
Block: Shield            |    68 |    92 |   153 |   357 |     1 ||   671
